Map: Backwater LE

Players

fruitcake - Winner!

  • Race: Terran Terran
  • Spawn Location: 11:00

Ripley

  • Race: Protoss Protoss
  • Spawn Location: 5:00

VOD

Have the link to the VOD?

Description

Time

  • Played on: May 10, 2018, 5:39 p.m.
  • Length: 12:16
Show
View Real Time Build Order
Export as new Build Order

fruitcake Terran - Winner!

Build Orders:  

Get SALT Encoding   

  12  0:00  SCV  
  13  0:15  Supply Depot  
  13  0:18  SCV  
  14  0:25  Refinery  
  14  0:30  SCV  
  15  0:42  SCV  
  16  0:48  Barracks  
  16  0:57  SCV  
  17  1:07  Barracks  
  17  1:09  SCV  
  18  1:19  Refinery  
  18  1:21  SCV  
  19  1:33  SCV  
  19  1:37  Marine, Supply Depot  
  21  1:46  SCV  
  22  1:56  Barracks Reactor  
  22  1:57  Barracks Reactor  
  22  2:07  Orbital Command  
  22  2:32  Barracks  
  22  2:34  Marine x2  
  22  2:35  Supply Depot  
  24  2:40  Engineering Bay  
  24  2:42  Marine  
  24  2:43  Marine  
  26  2:52  Marine x2  
  28  3:03  Marine x2  
  30  3:09  Marine  
  30  3:10  Marine  
  32  3:15  Terran Infantry Weapons Level 1  
  32  3:20  Marine  
  32  3:21  Marine  
  32  3:26  Barracks Reactor  
  34  3:27  Marine  
  34  3:28  Marine  
  36  3:37  Supply Depot  
  36  3:38  Marine x2  
  36  3:39  SCV  
  39  3:58  Marine x4  
  43  4:09  Marine x2  
  45  4:16  Marine x4  
  47  4:49  Marine  
  47  4:51  Marine  
  47  5:02  Marine  
  47  5:04  Marine  
  47  5:15  Marine  
  47  5:26  Supply Depot  
  47  5:31  Marine  
  47  5:32  Supply Depot  
  47  5:43  Marine  
  47  5:48  Marine x4  
  47  5:49  Marine  
  51  6:01  Marine  
  49  6:05  Marine x4  
  49  6:07  Marine  
  49  6:19  Marine  
  49  6:23  Marine x4  
  49  6:24  Marine  
  52  6:37  Marine  
  53  6:41  Marine x4  
  53  6:42  Marine  
  57  6:55  Marine  
  57  6:59  Marine x4  
  57  7:00  Marine  
  58  7:13  Marine  
  59  7:17  Marine x4  
  63  7:32  Supply Depot  
  63  7:53  Marine x6  
  69  8:11  Marine x2  
  71  8:53  Terran Infantry Armor Level 1  
  71  9:03  Command Center  
  71  9:36  Supply Depot x2  
  71  9:38  Supply Depot  
  71  9:41  Supply Depot  
  71  9:42  Supply Depot  
  71  9:57  Marine x6, SCV  
  78  10:06  Factory  
  78  10:13  SCV  
  79  10:15  Marine x6  
  85  10:23  SCV  
  85  10:27  SCV  
  87  10:32  Refinery  
  87  10:33  Marine x6, Refinery  
  87  10:35  SCV  
  94  10:39  SCV  
  95  10:47  SCV  
  96  10:51  Marine x6, SCV  
  103  11:00  SCV  
  103  11:03  SCV  
  105  11:12  SCV  
  105  11:16  Starport  
  107  11:33  Planetary Fortress  
  107  11:37  Marine x5  
  107  11:38  Factory Tech Lab  
  107  11:39  Factory Reactor  
  111  11:46  SCV  
  112  11:53  Starport  
  112  11:58  SCV  
Show
View Real Time Build Order
Export as new Build Order

Ripley Protoss 

Build Orders:  

Get SALT Encoding   

  12  0:02  Probe  
  13  0:20  Probe  
  14  0:28  Pylon  
  14  0:32  Probe  
  15  0:46  Probe  
  16  0:53  Gateway  
  16  0:58  Probe  
  16  1:03  Assimilator  
  17  1:10  Probe  
  18  1:19  Probe  
  18  1:20  Forge  
  19  1:27  Probe  
  20  1:37  Probe  
  20  1:39  Pylon  
  21  1:46  Zealot  
  23  1:57  Probe  
  24  2:06  Probe  
  24  2:08  Assimilator  
  24  2:13  Zealot  
  24  2:14  Probe  
  27  2:17  Pylon  
  27  2:22  Pylon x2  
  28  2:27  Probe  
  29  2:39  Probe  
  30  2:50  Cybernetics Core  
  30  2:52  Probe  
  30  2:58  Pylon x2  
  31  3:04  Zealot, Probe  
  34  3:12  Probe  
  35  3:20  Probe  
  35  3:23  Protoss Ground Weapons Level 1  
  36  3:30  Probe, Protoss Air Weapons Level 1  
  37  3:36  Stargate x2  
  37  3:47  Probe  
  38  3:59  Pylon, Probe  
  38  4:01  Pylon  
  36  4:12  Probe  
  36  4:14  Zealot  
  37  4:24  Probe  
  36  4:25  Photon Cannon  
  36  4:33  Zealot  
  36  4:35  Photon Cannon  
  36  4:36  Probe  
  39  4:57  Photon Cannon  
  23  6:12  Pylon  
  12  6:23  Pylon  
  9  6:34  Pylon  
  9  6:48  Pylon  
  9  7:04  Pylon  
  7  7:09  Nexus  
  2  7:28  Pylon  
  1  7:42  Pylon  
  1  7:54  Pylon  
  1  8:00  Nexus  
  1  8:04  Pylon  
  1  8:06  Pylon  
  1  8:27  Gateway  
  1  9:42  Pylon  
  1  10:22  Pylon  
Tags
 
Add a new tag
Caveats
  • Supply blocks, unpowered buildings, or Contaminate may cause inaccurate times.
  • Supply counts are checked every 10 seconds.